 Dungeon Crawl Stone Soup version 0.27.0-1-g7a089689b8 (webtiles) character file.

Game seed: 4026135455157211339

2 mandarbmax the Caller (level 1, -2/15 HPs)
             Began as a Minotaur Summoner on July 31, 2021.
             Slain by a hobgoblin (3 damage)
             ... on level 1 of the Dungeon.
             The game lasted 00:00:07 (21 turns).

mandarbmax the Caller (Minotaur Summoner)             Turns: 21, Time: 00:00:08

Health: -2/15      AC:  2    Str: 12    XL:     1   Next: 33%
Magic:  1/1        EV: 12    Int: 12    God:
Gold:   0          SH:  0    Dex: 10    Spells: 1/2 levels left

rFire    . . .     SeeInvis .   (no weapon)
rCold    . . .     Faith    .   (no shield)
rNeg     . . .     Spirit   .   a - +0 robe
rPois    .         Reflect  .   (helmet restricted)
rElec    .         Harm     .   (no cloak)
rCorr    .         Rampage  .   (no gloves)
Will     .....                  (no boots)
Stlth    ++........             (no amulet)
HPRegen  0.05/turn              (no ring)
MPRegen  0.07/turn              (no ring)

@: no status effects
A: horns 2, retaliatory headbutt
a: no special abilities


You were on level 1 of the Dungeon.
You visited 1 branch of the dungeon, and saw 1 of its levels.

Inventory:

Armour
 a - a +0 robe (worn)


   Skills:
 + Level 0.5 Fighting
 + Level 2.3 Dodging
 - Level 1.5 Stealth
 - Level 1.3 Spellcasting
 - Level 2.9 Summonings


You had one spell level left.
You knew the following spells:

 Your Spells              Type           Power      Damage    Failure   Level
a - Summon Small Mammal   Summ           28%        N/A       9%          1

Your spell library contained the following spells:

 Spells                   Type           Power      Damage    Failure   Level
 Call Imp                 Summ           7%         N/A       13%         2
 Call Canine Familiar     Summ           7%         N/A       26%         3
 Summon Guardian Golem    Hex/Summ       4%         N/A       43%         3
 Summon Lightning Spire   Summ/Air       4%         N/A       83%         4


Dungeon Overview and Level Annotations

Branches:
Dungeon (1/15)

Altars:


Innate Abilities, Weirdness & Mutations

You have a pair of horns on your head.
You reflexively headbutt those who attack you in melee.


Message History

You miss the bat. Your headbutt misses the bat. The bat closely misses you. x3
You furiously retaliate!
You headbutt the bat.
You kill the bat!
You barely miss the bat. The bat misses you.
You barely miss the endoplasm. The bat hits you. The endoplasm misses you.
You barely miss the bat. The bat hits you but does no damage.
A bat comes into view.
The bat hits you but does no damage. The endoplasm freezes you.
You are frozen.
The bat moves out of view.
You hit the bat. Your headbutt misses the bat.
The bat is moderately wounded.
The bat misses you. The hobgoblin hits you. The endoplasm freezes you.
You are frozen.
You are too injured to fight recklessly!
You are too injured to fight recklessly!
You are too injured to fight recklessly!
You are too injured to fight recklessly!
You are too injured to fight recklessly!
You are too injured to fight recklessly!
You are too injured to fight recklessly!
You are too injured to fight recklessly!
You are too injured to fight recklessly!
You are too injured to fight recklessly!
You are too injured to fight recklessly!
Unknown command.
The bat hits you but does no damage. The bat hits you.
The endoplasm jiggles.
The endoplasm misses you. The bat hits you.
* * * LOW HITPOINT WARNING * * *
The goblin closely misses you. The bat closely misses you.
The bat closely misses you. You furiously retaliate!
You headbutt the bat!
You kill the bat!
The goblin hits you with a +0 club.
* * * LOW HITPOINT WARNING * * *
The hobgoblin hits you.
You die...

#........# ..
#........#(8(
#..........$
#.......####b
#+#########..........
.<..≈≈≈≈≈≈#..........
≈≈≈≈≈≈....'J.....##..
PPP≈≈.....#gg#####
P≈≈≈.<...♣#@##
≈≈.....<♣♣#..#
≈.P..♣♣♣♣ #...# ###+
#....# .....# ......#
.......# ........#
........##


You could see an endoplasm, a hobgoblin and a goblin.

Vanquished Creatures
  A ball python (D:1)
  2 bats (D:1)
3 creatures vanquished.

Notes
Turn   | Place    | Note
-------+----------+-------------------------------------------
     0 | D:1      | mandarbmax the Minotaur Summoner began the quest for the
                  | Orb.
     0 | D:1      | Reached XP level 1. HP: 14/14 MP: 1/1
    21 | D:1      | Slain by a hobgoblin

Illustrated notes

Levels and vault maps discovered:
D:1:      tarquinn_simple_flora_water_c, layout_rooms,
          dreamdust_ecumenical_altar_grove, minmay_tetromino_i4

Action                   || total
-------------------------++-------
Melee: Unarmed           ||     8
Armor: Robe              ||     4
Dodge: Dodged            ||    17
